 Dungeon Crawl Stone Soup version 0.20-a0-449-g96be121 (webtiles) character file.

214 Gorice the Chucker (level 5, -2/41 HPs)
             Began as a Demonspawn Arcane Marksman on Jan 7, 2017.
             Killed from afar by a lich (22 damage)
             ... with a bolt of acid
             ... on level 1 of the Abyss.
             The game lasted 00:15:08 (3674 turns).

Gorice the Chucker (Demonspawn Arcane Marksman)     Turns: 3674, Time: 00:15:09

Health: -2/41      AC:  6    Str: 12    XL:     5   Next: 59%
Magic:  6/6        EV: 10    Int: 19    God:
Gold:   207        SH:  0    Dex: 13    Spells: 5/6 levels left

rFire  . . .     SeeInvis .     a - +1 dagger (venom)
rCold  . . .     Gourm    .     q - +1 ring mail
rNeg   . . .     Faith    .     (no shield)
rPois  .         Spirit   .     (no helmet)
rElec  .         Reflect  .     (no cloak)
rCorr  .         Harm     .     (no gloves)
MR     .....                    (no boots)
Stlth  +.........               r - amulet of magic regeneration
                                (no ring)
                                u - +5 ring of intelligence

@: no status effects
A: powered by pain 1
a: no special abilities


You were on level 1 of the Abyss.
You were not hungry.

You visited 1 branch of the dungeon, and saw 3 of its levels.
You visited the Abyss 1 time.
You also visited: Sewer.

You collected 207 gold pieces.

Inventory:

Hand Weapons
 a - a +1 dagger of venom (weapon)
   (You found it on level 1 of the Dungeon)
 m - a +0 short sword of speed
   (You found it on level 2 of the Dungeon)
 B - a +0 blowgun
Missiles
 c - 4 javelins
 t - 7 needles of sleeping
 w - 16 poisoned needles
 Y - 2 throwing nets
 Z - 56 stones (quivered)
Armour
 e - a +0 robe
 q - a +1 ring mail (worn)
Jewellery
 r - an amulet of magic regeneration (around neck)
 u - a +5 ring of intelligence (left hand)
Scrolls
 d - 3 scrolls of teleportation {!r}
 g - a scroll of enchant armour
 i - a scroll of remove curse
Potions
 h - 2 potions of lignification {!q}
 j - a potion of agility {!q}
 k - a potion of haste {unknown}
 l - 2 potions of flight {unknown}
 n - a potion of cancellation {unknown}
 o - a potion of degeneration {unknown}
 s - a potion of might {unknown}
 v - 3 potions of heal wounds {unknown}
Books
 b - a book of Debilitation
Comestibles
 f - a bread ration {!e}
 p - a beef jerky


   Skills:
 + Level 3.1 Fighting
 + Level 2.6 Short Blades
 + Level 3.4 Throwing
 - Level 1.7 Dodging
 - Level 1.0 Spellcasting
 - Level 3.0 Hexes


You had 5 spell levels left.
You knew the following spells:

 Your Spells              Type           Power        Failure   Level  Hunger
a - Corona                Hex            ##.....      14%         1    ##.....


Dungeon Overview and Level Annotations

Branches:
Dungeon (3/15)

Altars:
Nemelex Xobeh

Annotations:
D:3 TotoDurand's ghost, amateur BaFi


Innate Abilities, Weirdness & Mutations

You sometimes gain a little power by taking damage.


Message History

The kobold hits you with a short sword of distortion.
* * * LOW HITPOINT WARNING * * *
You are cast into the Abyss!
To return, you must find a gate leading back.
Killing monsters will force the Abyss to allow you passage.
This branch contains the abyssal rune of Zot.
Found a corrupted altar of Lugonu.
Found 27 gold pieces.
Unknown command.
Unknown command.
Damage: 1 (max 6) Unknown command.
Unknown command.
Unknown command.
Unknown command.
Unknown command.
Unknown command.
Unknown command.
Unknown command.
Unknown command.
Unknown command.
Unknown command.
Unknown command.
Found a scroll of enchant armour.
You now have 155 gold pieces (gained 27).
g - a scroll of enchant armour
Found 21 sling bullets.
Found a bubbling red potion.
v - 3 bubbling red potions (gained 1) Why would you want to do that?
You enter the shallow water.
Moving in this stuff is going to be slow.
There is a collapsed entrance here.
You can't go down here!
You can't go up here!
You enter the shallow water.
Moving in this stuff is going to be slow.
A small abomination comes into view.
A lich comes into view.
The lich shouts!
The lich moves out of view.
You see here 52 gold pieces.
You now have 207 gold pieces (gained 52).
The lich gestures wildly while chanting.
The lich seems to speed up.
The lich gestures wildly while chanting.
The lich points at you and mumbles some strange words.
The bolt of acid hits you!
Ouch! That really hurt!
You die...

# .# #. #. ##. ##
#..# .. #.# ##..#.
#.. ..
#.....#####.#....
.#@.x.....#
........#.L######.#.#
.#.#....##.... ....#
#.#.##..#.#.##..... .
.. ##.#...##.## ...
.. ##..#..#. ..#....#
#. ..###. ......#
..###.###......#
#...#...#.#...#


You could see a lich and a small abomination.

Vanquished Creatures
  7 adders
  5 river rats (Sewer)
  2 oozes
  A worm (D:3)
  5 dart slugs
  5 leopard geckos
  4 ball pythons
  3 bats (D:2)
  6 giant cockroaches
  2 goblins (D:1)
  7 hobgoblins
  3 frilled lizards
  14 kobolds
  26 rats
90 creatures vanquished.

Notes
Turn   | Place    | Note
-------+----------+-------------------------------------------
     0 | D:1      | Gorice the Demonspawn Arcane Marksman began the quest for the Orb.
     0 | D:1      | Reached XP level 1. HP: 15/15 MP: 2/2
     3 | D:1      | Noticed an electric eel
     3 | D:1      | Noticed an electric eel
   199 | D:1      | Reached skill level 2 in Throwing
   343 | D:1      | HP: 4/15 [kobold (3)]
   628 | D:1      | Gained mutation: You sometimes gain a little power by taking damage. [demonic ancestry]
   628 | D:1      | Reached XP level 2. HP: 21/21 MP: 3/3
   918 | D:1      | Reached skill level 1 in Short Blades
  1020 | D:1      | Reached XP level 3. HP: 26/27 MP: 4/4
  1764 | D:2      | Reached skill level 2 in Fighting
  1965 | D:2      | Reached XP level 4. HP: 33/33 MP: 5/5
  2060 | D:2      | Reached skill level 2 in Short Blades
  2435 | D:3      | Found a sparkling altar of Nemelex Xobeh.
  2513 | D:3      | Noticed TotoDurand's ghost (amateur BaFi)
  2596 | D:3      | Reached skill level 3 in Throwing
  2722 | D:3      | Found a glowing drain.
  2743 | Sewer    | Entered a sewer
  2951 | Sewer    | Reached XP level 5. HP: 39/39 MP: 6/6
  3305 | Sewer    | HP: 10/40 [river rat (6)]
  3310 | Sewer    | Reached skill level 3 in Fighting
  3319 | Sewer    | HP: 17/61 [river rat (1)]
  3610 | Sewer    | HP: 12/41 [kobold/short sword of distortion (1)]
  3610 | Sewer    | Cast into level 1 of the Abyss (kobold)
  3610 | Abyss:1  | Found a corrupted altar of Lugonu.
  3662 | Abyss:1  | Noticed a small abomination
  3663 | Abyss:1  | Noticed a lich
  3674 | Abyss:1  | Killed from afar by a lich

Vault maps used:
D:1:      arrival_aquarium_b
D:3:      nemelex_xobeh_ov_fountains_minmay, lemuel_coloured_pillars_altar,
          gup_sewer_entry_pipe, kennysheep_generic_room_14,
          uniq_crazy_yiuf_cottage
Abyss:1:  evilmike_abyss_exit_7
Sewer:    sewer_minmay_treatment

Skill      XL: |  1  2  3  4  5 |
---------------+----------------+-----
Throwing       | 2 3 |  3.4
Short Blades   | 1 2 |  2.6
Fighting       | 2 3 |  3.1
Dodging        | |  1.7
Spellcasting   | |  1.0
Hexes          | |  3.0

Action                   |  1- 3 |  4- 6 || total
-------------------------+-------+-------++-------
Melee: Dagger            |    88 |   201 ||   289
       Unarmed           |     7 |       ||     7
 Fire: Blowgun           |       |     1 ||     1
Throw: Javelin           |     3 |       ||     3
       Stone             |    11 |     4 ||    15
 Cast: Corona            |    14 |    13 ||    27
  Use: Scroll            |     6 |     1 ||     7
       Potion            |       |     1 ||     1
  Eat: Chunk             |     4 |     6 ||    10
Armor: Robe              |     3 |       ||     3
       Ring mail         |    27 |    70 ||    97
       Skin              |       |    12 ||    12
Dodge: Dodged            |    35 |    81 ||   116

Table legend:
 A = Turns spent in this place as a percentage of turns spent in the entire game.
 B = Non-inter-level travel turns spent in this place as a percentage of non-inter-level travel turns spent in the entire game.
 C = Inter-level travel turns spent in this place as a percentage of turns spent in this place.
 D = Turns resting spent in this place as a percentage of non-inter-level travel turns spent in this place.
 E = Turns spent auto-exploring this place as a percentage of non-inter-level travel turns spent in this place.
 F = Non-inter-level travel turns spent in this place divided by the number of levels of this place that you've seen.
                   A       B       C       D       E      F
               +-------+-------+-------+-------+-------+----------------------
         Total | 100.0 | 100.0 |   0.6 |   2.2 |   4.2 | 273.8
       Dungeon |  61.6 |  61.4 |   0.9 |   1.8 |   6.8 | 280.0
         Abyss |   5.2 |   5.3 |   0.0 |   0.0 |   1.4 |  72.0
         Sewer |  33.2 |  33.4 |   0.0 |   3.3 |   0.0 | 457.0
               +-------+-------+-------+-------+-------+----------------------

Vault maps used:
D:1:      arrival_aquarium_b
D:3:      nemelex_xobeh_ov_fountains_minmay, lemuel_coloured_pillars_altar,
          gup_sewer_entry_pipe, kennysheep_generic_room_14,
          uniq_crazy_yiuf_cottage
Abyss:1:  evilmike_abyss_exit_7
Sewer:    sewer_minmay_treatment
